AoeStats
← arcolys

Migration

508858080Analyzed
1v1 RM · 8d ago on Sep 24, 2026· 41m 38s· 2 players
Game mode
Random Map
Map size
132×132
Population
200
Speed
Normal
Resources
Standard
Victory
Conquest
Starting age
Dark Age
Ending age
Imperial Age
RankedLock teamsTeams togetherTeam positionsShared explorationLock speedFull tech treeHidden civsTurbo modeCheats
Victory
Defeat
🇧🇷 Varangians · Brazil
320
+20
🇩🇪 Hindustanis · Germany
418
-20
ig: sidneineto3
13:55 Feudal Age
15:41 Fishing Lines
16:48 Double-Bit Axe
17:44 Horse Collar
19:44 Gold Mining
22:20 Castle Age
20:42 Loom
21:32 Wheelbarrow
25:40 Bloodlines
27:57 Heavy Plow
27:51 Gillnets
29:21 Scale Barding Armor
29:15 Vendel Legacy
31:43 Husbandry
35:00 Chain Barding Armor
34:53 Forging
37:46 Imperial Age
35:36 Hand Cart
35:58 Bow Saw
arcolys
8:34 Feudal Age
11:53 Wheelbarrow
19:07 Double-Bit Axe
24:54 Castle Age
23:30 Man-at-Arms
24:12 Horse Collar
26:20 Long Swordsman
27:32 Forging
27:23 Scale Mail Armor
27:29 Scale Barding Armor
27:25 Padded Archer Armor
27:15 Fletching
28:04 Squires
28:56 Pikeman
31:55 Iron Casting
36:21 Hand Cart
42:52 Imperial Age
Connection lost

Rejoining the realm…

Still unreachable

The connection could not be restored.

Session expired

The server has moved on; the page needs a fresh start.